2427 views
Uploaded 2024-06-19 00:46:59
Game version 1.36 (6115)
8:52 long 4on4 ladder game on (8)Battleground_LV
Saved by claniraq
2427 views
Uploaded 2024-06-19 00:46:59
Game version 1.36 (6115)
8:52 long 4on4 ladder game on (8)Battleground_LV

91 units @ 10.7k
/ 0.8k
47 buildings @ 7.2k
/ 2.4k

| Wisp | 15 | 900 | / | 0 |
| Archer | 9 | 1170 | / | 90 |
| Hippogryph | 2 | 320 | / | 40 |
| total: | 26 | 2390g | / | 130w |
| Altar of Elders | 1 | 180 | / | 50 |
| Moon Well | 4 | 720 | / | 160 |
| Ancient of War | 1 | 150 | / | 60 |
| Hunter's Hall | 1 | 210 | / | 100 |
| Ancient of Wonders | 1 | 90 | / | 30 |
| Ancient of Wind | 2 | 300 | / | 280 |
| Tree of Ages | 1 | 320 | / | 180 |
| total: | 10 | 1650g | / | 680w |
| 0:04 | Wisp |
| 0:05 | Wisp |
| 0:05 | Wisp |
| 0:05 | Wisp |
| 0:05 | Wisp |
| 0:23 | Altar of Elders |
| 0:35 | Moon Well |
| 0:49 | Ancient of War |
| 1:21 | Wisp |
| 1:43 | Wisp |
| 1:43 | Wisp |
| 1:43 | Wisp |
| 1:43 | Wisp |
| 1:43 | Wisp |
| 1:52 | Moon Well |
| 1:54 | Archer |
| 2:02 | Archer |
| 2:22 | Hunter's Hall |
| 2:29 | Force of Nature |
| 3:14 | Moon Well |
| 3:26 | Archer |
| 3:30 | Strength of the Moon |
| 3:36 | Tree of Ages |
| 3:54 | Archer |
| 4:16 | Archer |
| 4:24 | Moon Well |
| 5:03 | Thorns Aura |
| 5:09 | Archer |
| 5:12 | Moon Armor |
| 5:23 | Ancient of Wonders |
| 5:44 | Archer |
| 5:44 | Archer |
| 5:44 | Archer |
| 6:04 | Ancient of Wind |
| 6:07 | Ancient of Wind |
| 6:09 | Wisp |
| 6:09 | Wisp |
| 6:31 | Improved Moon Armor |
| 6:35 | Wisp |
| 6:37 | Wisp |
| 7:12 | Hippogryph |
| 7:14 | Hippogryph |
| 7:17 | Improved Bows |
| 8:10 | Force of Nature |
| Select | 150 |
| Right click | 60 |
| Misc. action | 36 |
| Build/train/purchase | 35 |
| Chat | 14 |
| Use ability | 7 |
| Assign group | 3 |

| Acolyte | 3 | 225 | / | 0 |
| Ghoul | 7 | 840 | / | 0 |
| Gargoyle | 10 | 1750 | / | 300 |
| total: | 20 | 2815g | / | 300w |
| Spirit Tower | 1 | 145 | / | 40 |
| Necropolis | 2 | 450 | / | 0 |
| Crypt | 2 | 400 | / | 100 |
| Graveyard | 1 | 215 | / | 0 |
| Altar of Darkness | 1 | 180 | / | 50 |
| Ziggurat | 3 | 450 | / | 150 |
| Halls of the Dead | 1 | 320 | / | 210 |
| Black Citadel | 1 | 325 | / | 230 |
| total: | 9 | 1695g | / | 300w |
| 0:03 | Acolyte |
| 0:04 | Acolyte |
| 0:07 | Necropolis |
| 0:47 | Halls of the Dead |
| 1:26 | Crypt |
| 1:28 | Necropolis |
| 1:47 | Graveyard |
| 2:04 | Crypt |
| 2:27 | Ghoul |
| 2:39 | Altar of Darkness |
| 2:56 | Acolyte |
| 3:14 | Gargoyle |
| 3:35 | Gargoyle |
| 3:44 | Gargoyle |
| 4:16 | Pocket Factory |
| 4:23 | Gargoyle |
| 4:32 | Gargoyle |
| 4:43 | Gargoyle |
| 4:58 | Engineering Upgrade |
| 5:00 | Gargoyle |
| 5:20 | Ziggurat |
| 6:21 | Gargoyle |
| 6:38 | Gargoyle |
| 6:45 | Gargoyle |
| 6:54 | Engineering Upgrade |
| 7:14 | Ghoul |
| 7:17 | Ghoul |
| 7:31 | Black Citadel |
| 7:33 | Ghoul |
| 7:53 | Ghoul |
| 8:22 | Ghoul |
| 8:24 | Spirit Tower |
| 8:25 | Ziggurat |
| 8:37 | Ghoul |
| 8:44 | Ziggurat |
| Right click | 711 |
| Select group | 529 |
| Select | 93 |
| Build/train/purchase | 35 |
| Chat | 29 |
| Assign group | 24 |
| Misc. action | 14 |
| Use ability | 5 |
| Remove unit | 1 |


| Healing Salve | 1 | 100 |
| Lesser Clarity Potion | 2 | 140 |
| Scroll of Speed | 1 | 50 |
| total: | 4 | 290g |
| Peon | 8 | 600 | / | 0 |
| Grunt | 6 | 1200 | / | 0 |
| Shaman | 3 | 390 | / | 60 |
| Raider | 3 | 540 | / | 120 |
| total: | 20 | 2730g | / | 180w |
| Altar of Storms | 1 | 180 | / | 50 |
| Orc Burrow | 5 | 800 | / | 200 |
| Barracks | 1 | 180 | / | 50 |
| Voodoo Lounge | 2 | 260 | / | 60 |
| War Mill | 1 | 205 | / | 0 |
| Spirit Lodge | 1 | 150 | / | 150 |
| Beastiary | 1 | 145 | / | 140 |
| Stronghold | 1 | 315 | / | 190 |
| total: | 12 | 1920g | / | 650w |
| 0:01 | Peon |
| 0:01 | Peon |
| 0:11 | Altar of Storms |
| 0:14 | Peon |
| 0:21 | Orc Burrow |
| 0:22 | Peon |
| 0:46 | Peon |
| 0:52 | Barracks |
| 0:59 | Peon |
| 1:07 | Peon |
| 1:30 | Orc Burrow |
| 1:33 | Orc Burrow |
| 1:45 | Peon |
| 1:54 | Grunt |
| 2:13 | Feral Spirit |
| 2:29 | Stronghold |
| 2:37 | Grunt |
| 2:58 | Voodoo Lounge |
| 3:00 | Voodoo Lounge |
| 3:09 | Grunt |
| 3:31 | Chain Lighting |
| 3:34 | Grunt |
| 3:48 | Orc Burrow |
| 4:51 | Berserker Strength |
| 4:56 | Spirit Lodge |
| 5:13 | Beastiary |
| 5:21 | Healing Salve |
| 5:22 | Lesser Clarity Potion |
| 5:30 | Lesser Clarity Potion |
| 5:30 | Scroll of Speed |
| 5:41 | Feral Spirit |
| 5:44 | Pillage |
| 6:02 | Shockwave |
| 6:14 | Shaman |
| 6:14 | Shaman Adept Training |
| 6:16 | Orc Burrow |
| 6:25 | Ensnare |
| 6:34 | Raider |
| 7:46 | Grunt |
| 7:47 | Raider |
| 7:47 | Shaman |
| 7:55 | Endurance Aura |
| 7:55 | Endurance Aura |
| 8:42 | Grunt |
| 8:42 | Raider |
| 8:43 | Shaman |
| 8:49 | War Mill |
| Right click | 507 |
| Select group | 440 |
| Select | 223 |
| Build/train/purchase | 88 |
| Misc. action | 81 |
| Assign group | 46 |
| Use ability | 11 |
| Esc | 4 |

| Peasant | 18 | 1350 | / | 0 |
| Rifleman | 7 | 1435 | / | 210 |
| total: | 25 | 2785g | / | 210w |
| Scout Tower | 2 | 60 | / | 40 |
| Arcane Tower | 2 | 140 | / | 100 |
| Lumber Mill | 1 | 120 | / | 0 |
| Blacksmith | 1 | 140 | / | 60 |
| Altar of Kings | 1 | 180 | / | 50 |
| Farm | 6 | 480 | / | 120 |
| Barracks | 2 | 320 | / | 120 |
| Arcane Vault | 1 | 130 | / | 30 |
| Town Hall | 1 | 385 | / | 205 |
| Workshop | 1 | 140 | / | 140 |
| Keep | 2 | 640 | / | 420 |
| total: | 16 | 1955g | / | 765w |
| 0:03 | Peasant |
| 0:03 | Peasant |
| 0:11 | Lumber Mill |
| 0:26 | Peasant |
| 0:35 | Blacksmith |
| 0:40 | Altar of Kings |
| 0:42 | Peasant |
| 0:52 | Farm |
| 1:04 | Peasant |
| 1:18 | Peasant |
| 1:26 | Barracks |
| 1:34 | Peasant |
| 1:42 | Farm |
| 1:54 | Farm |
| 2:08 | Peasant |
| 2:10 | Improved Lumber Harvesting |
| 2:37 | Farm |
| 2:38 | Rifleman |
| 3:00 | Storm Bolt |
| 3:14 | Scout Tower |
| 3:24 | Keep |
| 3:31 | Arcane Vault |
| 4:19 | Rifleman |
| 4:20 | Arcane Tower |
| 5:10 | Bash |
| 5:31 | Scout Tower |
| 5:40 | Rifleman |
| 5:51 | Town Hall |
| 5:54 | Peasant |
| 5:54 | Peasant |
| 5:54 | Peasant |
| 5:56 | Long Rifles |
| 5:57 | Rifleman |
| 6:46 | Farm |
| 6:47 | Peasant |
| 6:47 | Peasant |
| 6:47 | Peasant |
| 6:58 | Storm Bolt |
| 7:04 | Peasant |
| 7:31 | Rifleman |
| 7:32 | Workshop |
| 7:34 | Peasant |
| 7:34 | Peasant |
| 8:06 | Rifleman |
| 8:23 | Rifleman |
| 8:25 | Barracks |
| 8:27 | Farm |
| 8:29 | Black Gunpowder |
| 8:41 | Peasant |
| 8:43 | Arcane Tower |
| Right click | 328 |
| Select group | 316 |
| Select | 198 |
| Misc. action | 93 |
| Build/train/purchase | 42 |
| Assign group | 8 |
| Use ability | 6 |
89 units @ 9.4k
/ 0.6k
48 buildings @ 6.2k
/ 2.1k
| Peasant | 5 | 375 | / | 0 |
| total: | 5 | 375g | / | 0w |
| 0:03 | Peasant |
| 0:10 | Peasant |
| 0:13 | Peasant |
| 0:21 | Peasant |
| 0:35 | Peasant |
| Right click | 9 |
| Build/train/purchase | 5 |
| Select | 5 |


| Healing Salve | 1 | 100 |
| Lesser Clarity Potion | 1 | 70 |
| Scroll of Speed | 2 | 100 |
| total: | 4 | 270g |
| Peon | 9 | 675 | / | 0 |
| Troll Batrider | 5 | 800 | / | 200 |
| Raider | 3 | 540 | / | 120 |
| total: | 17 | 2015g | / | 320w |
| Watch Tower | 1 | 110 | / | 80 |
| Altar of Storms | 1 | 180 | / | 50 |
| Orc Burrow | 3 | 480 | / | 120 |
| Voodoo Lounge | 1 | 130 | / | 30 |
| War Mill | 1 | 205 | / | 0 |
| Beastiary | 2 | 290 | / | 280 |
| Stronghold | 1 | 315 | / | 190 |
| total: | 9 | 1395g | / | 560w |
| 0:03 | Peon |
| 0:03 | Peon |
| 0:03 | Peon |
| 0:06 | Altar of Storms |
| 0:19 | Orc Burrow |
| 0:32 | Peon |
| 0:50 | Voodoo Lounge |
| 0:56 | Peon |
| 1:15 | Peon |
| 1:17 | Peon |
| 1:38 | Peon |
| 1:50 | Peon |
| 2:11 | Wind Walk |
| 2:12 | Healing Salve |
| 2:12 | Lesser Clarity Potion |
| 2:12 | Scroll of Speed |
| 2:23 | Stronghold |
| 2:33 | War Mill |
| 3:35 | Orc Burrow |
| 4:26 | Orc Burrow |
| 4:36 | Watch Tower |
| 4:50 | Beastiary |
| 4:52 | Beastiary |
| 5:02 | Scroll of Speed |
| 5:14 | Reinforced Defenses |
| 5:14 | Steel Armor |
| 5:45 | Serpent Ward |
| 6:00 | Troll Batrider |
| 6:01 | Ensnare |
| 6:04 | Raider |
| 6:39 | Raider |
| 6:42 | Steel Ranged Weapons |
| 6:56 | Troll Batrider |
| 8:27 | Raider |
| 8:29 | Troll Batrider |
| 8:31 | Troll Batrider |
| 8:31 | Troll Batrider |
| 8:35 | Thorium Armor |
| Right click | 484 |
| Select group | 172 |
| Select | 131 |
| Build/train/purchase | 41 |
| Assign group | 21 |
| Use ability | 20 |


| Lesser Clarity Potion | 2 | 140 |
| Scroll of Town Portal | 1 | 350 |
| Healing Salve | 2 | 200 |
| total: | 5 | 690g |
| Peasant | 34 | 2550 | / | 0 |
| Footman | 12 | 1620 | / | 0 |
| Rifleman | 3 | 615 | / | 90 |
| total: | 49 | 4785g | / | 90w |
| Scout Tower | 6 | 180 | / | 120 |
| Guard Tower | 6 | 420 | / | 300 |
| Altar of Kings | 4 | 720 | / | 200 |
| Farm | 7 | 560 | / | 140 |
| Barracks | 3 | 480 | / | 180 |
| Arcane Vault | 3 | 390 | / | 90 |
| Town Hall | 1 | 385 | / | 205 |
| Lumber Mill | 1 | 120 | / | 0 |
| Blacksmith | 2 | 280 | / | 120 |
| Keep | 2 | 640 | / | 420 |
| total: | 27 | 3115g | / | 1055w |
| 0:05 | Peasant |
| 0:05 | Peasant |
| 0:09 | Altar of Kings |
| 0:11 | Altar of Kings |
| 0:12 | Altar of Kings |
| 0:16 | Peasant |
| 0:23 | Farm |
| 0:26 | Barracks |
| 0:35 | Peasant |
| 0:47 | Peasant |
| 1:14 | Farm |
| 1:23 | Peasant |
| 1:23 | Peasant |
| 1:27 | Altar of Kings |
| 1:30 | Farm |
| 1:31 | Barracks |
| 1:32 | Peasant |
| 1:36 | Footman |
| 1:36 | Footman |
| 1:38 | Peasant |
| 1:42 | Footman |
| 1:45 | Barracks |
| 1:53 | Farm |
| 1:54 | Peasant |
| 2:06 | Footman |
| 2:07 | Peasant |
| 2:10 | Farm |
| 2:14 | Farm |
| 2:16 | Summon Water Elemental |
| 2:22 | Peasant |
| 2:23 | Peasant |
| 2:27 | Peasant |
| 2:37 | Footman |
| 2:38 | Farm |
| 3:09 | Footman |
| 3:10 | Footman |
| 3:11 | Arcane Vault |
| 3:13 | Defend |
| 3:20 | Footman |
| 3:24 | Brilliance Aura |
| 3:30 | Town Hall |
| 3:46 | Peasant |
| 3:46 | Peasant |
| 4:15 | Peasant |
| 4:15 | Peasant |
| 4:17 | Holy Light |
| 4:22 | Peasant |
| 4:40 | Peasant |
| 4:40 | Peasant |
| 4:42 | Lumber Mill |
| 4:56 | Peasant |
| 4:56 | Peasant |
| 5:01 | Summon Water Elemental |
| 5:09 | Blacksmith |
| 5:16 | Peasant |
| 5:19 | Peasant |
| 5:52 | Keep |
| 5:53 | Scout Tower |
| 5:53 | Scout Tower |
| 5:55 | Peasant |
| 6:27 | Scout Tower |
| 6:32 | Guard Tower |
| 6:49 | Scroll of Town Portal |
| 6:49 | Healing Salve |
| 6:49 | Healing Salve |
| 6:51 | Lesser Clarity Potion |
| 6:52 | Lesser Clarity Potion |
| 6:57 | Guard Tower |
| 6:57 | Scout Tower |
| 7:06 | Footman |
| 7:06 | Footman |
| 7:09 | Blacksmith |
| 7:17 | Guard Tower |
| 7:18 | Scout Tower |
| 7:19 | Scout Tower |
| 7:24 | Rifleman |
| 7:24 | Rifleman |
| 7:25 | Long Rifles |
| 7:27 | Black Gunpowder |
| 7:27 | Studded Leather Armor |
| 7:32 | Arcane Vault |
| 7:33 | Arcane Vault |
| 7:55 | Rifleman |
| 8:00 | Devotion Aura |
| 8:22 | Peasant |
| 8:22 | Peasant |
| 8:22 | Peasant |
| 8:22 | Peasant |
| 8:22 | Peasant |
| 8:25 | Footman |
| 8:25 | Footman |
| 8:35 | Guard Tower |
| 8:36 | Peasant |
| 8:36 | Peasant |
| 8:36 | Peasant |
| Right click | 339 |
| Select | 286 |
| Select group | 167 |
| Build/train/purchase | 108 |
| Misc. action | 41 |
| Assign group | 19 |
| Use ability | 19 |
| Chat | 9 |
| Esc | 5 |

| Rod of Necromancy | 5 | 750 |
| Sacrificial Skull | 2 | 100 |
| Ritual Dagger | 1 | 125 |
| total: | 8 | 975g |
| Acolyte | 8 | 600 | / | 0 |
| Ghoul | 6 | 720 | / | 0 |
| Crypt Fiend | 4 | 860 | / | 160 |
| total: | 18 | 2180g | / | 160w |
| Nerubian Tower | 2 | 200 | / | 40 |
| Crypt | 1 | 200 | / | 50 |
| Altar of Darkness | 1 | 180 | / | 50 |
| Ziggurat | 3 | 450 | / | 150 |
| Tomb of Relics | 1 | 130 | / | 30 |
| Graveyard | 1 | 215 | / | 0 |
| Necropolis | 1 | 225 | / | 0 |
| Slaughterhouse | 1 | 140 | / | 135 |
| Halls of the Dead | 2 | 640 | / | 420 |
| Black Citadel | 2 | 650 | / | 460 |
| Scout Tower | 2 | 60 | / | 40 |
| Arcane Tower | 2 | 140 | / | 100 |
| Lumber Mill | 1 | 120 | / | 0 |
| Keep | 2 | 640 | / | 420 |
| total: | 12 | 1720g | / | 455w |
| 0:01 | Acolyte |
| 0:08 | Crypt |
| 0:09 | Altar of Darkness |
| 0:24 | Ziggurat |
| 0:35 | Acolyte |
| 0:36 | Acolyte |
| 0:57 | Tomb of Relics |
| 1:25 | Ghoul |
| 1:35 | Ziggurat |
| 1:42 | Ghoul |
| 2:02 | Ghoul |
| 2:16 | Ghoul |
| 2:21 | Rod of Necromancy |
| 2:21 | Rod of Necromancy |
| 2:22 | Sacrificial Skull |
| 2:22 | Sacrificial Skull |
| 2:26 | Acolyte |
| 2:30 | Death Coil |
| 2:49 | Graveyard |
| 2:58 | Ghoul |
| 2:58 | Ghoul |
| 3:35 | Ziggurat |
| 4:01 | Unholy Aura |
| 4:01 | Unholy Aura |
| 4:07 | Necropolis |
| 4:26 | Crypt Fiend |
| 4:30 | Nerubian Tower |
| 4:50 | Scout Tower |
| 4:51 | Scout Tower |
| 4:53 | Keep |
| 5:02 | Halls of the Dead |
| 5:15 | Crypt Fiend |
| 5:19 | Arcane Tower |
| 5:30 | Lumber Mill |
| 5:36 | Creature Attack |
| 6:17 | Crypt Fiend |
| 6:20 | Acolyte |
| 6:20 | Acolyte |
| 6:20 | Acolyte |
| 6:20 | Acolyte |
| 6:35 | Rod of Necromancy |
| 6:35 | Rod of Necromancy |
| 6:48 | Creature Carapace |
| 6:48 | Improved Creature Carapace |
| 7:22 | Death Coil |
| 7:29 | Black Citadel |
| 7:43 | Rod of Necromancy |
| 7:44 | Ritual Dagger |
| 7:56 | Slaughterhouse |
| 7:57 | Web |
| 8:23 | Crypt Fiend |
| Right click | 413 |
| Select | 155 |
| Misc. action | 117 |
| Select group | 109 |
| Build/train/purchase | 79 |
| Assign group | 24 |
| Use ability | 11 |
| Minimap ping | 1 |
⇛